 Dungeon Crawl Stone Soup version 0.27-a0-1532-gca18f49f40 (webtiles) character file.

Game seed: 9964452435439001483

444380 freelancePsychic the Peltast (level 23, 0/190 HPs)
             Began as a Demonspawn Artificer on July 12, 2021.
             Was a High Priest of Okawaru.
             Slain by a bone dragon (8 damage)
             ... while paralysed by accursed screaming
             ... on level 3 of the Abyss on July 13, 2021.
             The game lasted 03:05:24 (84275 turns).

freelancePsychic the Peltast (DsAr)                Turns: 84275, Time: 03:05:25

Health: 0/190      AC: 38    Str: 26      XL:     23   Next: 8%
Magic:  25/25      EV:  2    Int: 11 (13) God:    Okawaru [*****.]
Gold:   3497       SH:  0    Dex: 20      Spells: 22/22 levels left

rFire    + . .     SeeInvis +   a - +9 demon whip (venom)
rCold    + + .     Faith    .   X - +8 tower shield {rC+}
rNeg     . . .     Spirit   .   R - +10 plate armour "Hiov" {Str+4}
rPois    .         Reflect  .   (helmet unavailable)
rElec    .         Harm     .   o - scarf {+Inv}
rCorr    .         Rampage  .   q - +2 pair of gloves {archery}
Will     ++...                  M - +2 pair of boots {Fly}
Stlth    ..........             H - amulet of Awe {RegenMP Will+}
HPRegen  0.00/turn              j - +4 ring of evasion
MPRegen  0.44/turn              z - ring "Gyedurghu" {rF+ Int+2 Dex+6}

@: paralysed, mighty, agile, about to teleport, flying, diseased, studying 2
skills
A: antennae 3, icy blue scales 3, powered by pain 2, spiny 3, bedeviling, hooves
1, see invisible, wild magic 1, [deterioration 2], [dopey 1], [low mp 2],
[subdued magic 2]
}: 2/15 runes: barnacled, gossamer
a: Renounce Religion, Evoke Invisibility, Heroism, Finesse


You were on level 3 of the Abyss.
You worshipped Okawaru.
Okawaru was extremely pleased with you.
You visited 9 branches of the dungeon, and saw 43 of its levels.
You visited the Abyss 2 times.
You visited 2 bazaars.
You also visited: Gauntlet.

You collected 7155 gold pieces.
You spent 3658 gold pieces at shops.

Inventory:

Hand Weapons
 a - a +9 demon whip of venom (weapon)
 b - the +9 morningstar of Jafoimoo {antimagic, Will+ Str+4}
   (Okawaru gifted it to you on level 4 of the Lair of Beasts)

   It reduces the magical energy of the wielder, and disrupts the spells and
   magical abilities of those hit.
   Natural abilities and divine invocations are not affected.
   Str:       It affects your strength (+4).
   Will:      It increases your willpower.
Missiles
 g - 53 silver javelins
 y - 8 curare-tipped darts
 I - 8 atropa-tipped darts
 J - 30 javelins (quivered)
Armour
 f - a +1 cloak of preservation
 o - a scarf of invisibility (worn)
 q - a +2 pair of gloves of archery (worn)
 M - a +2 pair of boots of flying (worn)
 R - the +10 plate armour "Hiov" (worn) {Str+4}
   (You found it on level 2 of the Vaults)

   Str:       It affects your strength (+4).
 X - a +8 tower shield of cold resistance (worn)
Jewellery
 j - a +4 ring of evasion (left hand)
 z - the ring "Gyedurghu" (right hand) {rF+ Int+2 Dex+6}
   (You found it on level 6 of the Lair of Beasts)

   [ring of dexterity]

   Int:       It affects your intelligence (+2).
   Dex:       It affects your dexterity (+6).
   rF:        It protects you from fire.
 H - the amulet of Awe (around neck) {RegenMP Will+}
   (You found it on level 6 of the Lair of Beasts)

   [amulet of magic regeneration]

   It increases your rate of magic regeneration.
   Will:      It increases your willpower.
 O - the ring "Xeap Eno" {Ice rPois Will+ Str+8 Int-2}
   (You acquired it on level 11 of the Dungeon)

   [ring of ice]

   It enhances your ice magic.
   Str:       It affects your strength (+8).
   Int:       It affects your intelligence (-2).
   rF:        It makes you vulnerable to fire.
   rC:        It protects you from cold.
   rPois:     It protects you from poison.
   Will:      It increases your willpower.
 Y - the ring "Ykkis" {rCorr SInv}
   (You took it off a kobold demonologist on level 12 of the Dungeon)

   [ring of resist corrosion]

   SInv:      It lets you see invisible.
   rCorr:     It protects you from acid and corrosion.
Wands
 c - a wand of flame (46)
 d - a wand of charming (15)
 w - a wand of digging (9)
 C - a wand of paralysis (15)
 D - a wand of iceblast (36)
 F - a wand of polymorph (20)
 Q - a wand of acid (10)
Scrolls
 e - 3 scrolls of magic mapping
 A - 6 scrolls of amnesia
 B - 8 scrolls of teleportation {@r4}
 E - 4 scrolls of silence
 K - 6 scrolls of enchant armour
 N - 3 scrolls of summoning
 P - 13 scrolls of blinking
 V - 2 scrolls of fog
 W - 21 scrolls of identify {@r1}
Potions
 h - 6 potions of ambrosia
 k - 9 potions of haste {@q3}
 l - 7 potions of mutation
 m - 19 potions of curing {@q1}
 n - 10 potions of lignification
 p - 8 potions of might
 s - 6 potions of attraction
 t - 5 potions of invisibility
 u - 2 potions of magic
 v - 3 potions of berserk rage
 G - 6 potions of cancellation
 L - a potion of heal wounds {@q2}
 S - 8 potions of brilliance
 T - 6 potions of resistance
Miscellaneous
 i - a phial of floods
 r - a condenser vane (inert)
 x - a box of beasts
 U - a phantom mirror
 Z - a tin of tremorstones (2/2)


   Skills:
 - Level 18.0 Fighting
 - Level 12.0 Maces & Flails
 + Level 9.0 Throwing
 + Level 16.0 Armour
 - Level 12.1 Dodging
 - Level 0.8 Stealth
 - Level 20.0 Shields
 - Level 11.4 Invocations
 - Level 14.0 Evocations


You had 22 spell levels left.
You didn't know any spells.
Your spell library contained the following spells:

 Spells                   Type           Power      Damage    Failure   Level
 Apportation              Tloc           0%         N/A       99%         1
 Sting                    Tmut/Pois      0%         1d3       99%         1
 Summon Small Mammal      Summ           0%         N/A       99%         1
 Passwall                 Tmut/Erth      0%         N/A       100%        2
 Slow                     Hex            0%         N/A       100%        2
 Static Discharge         Conj/Air       0%         N/A       100%        2
 Call Canine Familiar     Summ           0%         N/A       100%        3
 Confusing Touch          Hex            0%         N/A       100%        3
 Conjure Flame            Conj/Fire      0%         6-21      100%        3
 Dazzling Flash           Conj/Hex       0%         N/A       100%        3
 Frozen Ramparts          Ice            0%         1d2       100%        3
 Gell's Gravitas          Tloc           0%         N/A       100%        3
 Ignite Poison            Fire/Tmut/Pois 0%         N/A       100%        3
 Inner Flame              Hex/Fire       0%         N/A       100%        3
 Mephitic Cloud           Conj/Pois/Air  0%         N/A       100%        3
 Spider Form              Tmut/Pois      0%         N/A       100%        3
 Summon Guardian Golem    Hex/Summ       0%         N/A       100%        3
 Swiftness                Air            0%         N/A       100%        3
 Teleport Other           Tloc           0%         N/A       100%        3
 Tukima's Dance           Hex            0%         N/A       100%        3
 Animate Armour           Summ/Erth      0%         N/A       100%        4
 Animate Dead             Necr           0%         N/A       100%        4
 Cause Fear               Hex            0%         N/A       100%        4
 Hailstorm                Conj/Ice       0%         3d3       100%        4
 Ice Form                 Ice/Tmut       0%         N/A       100%        4
 Olgreb's Toxic Radiance  Pois           0%         N/A       100%        4
 Passage of Golubria      Tloc           N/A        N/A       100%        4
 Petrify                  Tmut/Erth      0%         N/A       100%        4
 Sticky Flame             Conj/Fire      0%         2d3       100%        4
 Summon Ice Beast         Ice/Summ       0%         N/A       100%        4
 Summon Lightning Spire   Summ/Air       0%         N/A       100%        4
 Alistair's Intoxication  Tmut/Pois      0%         N/A       100%        5
 Blade Hands              Tmut           0%         N/A       100%        5
 Freezing Cloud           Conj/Ice/Air   0%         6-21      100%        5
 Irradiate                Conj/Tmut      0%         3d14      100%        5
 Lightning Bolt           Conj/Air       0%         1d11      100%        5
 Metabolic Englaciation   Hex/Ice        0%         N/A       100%        5
 Summon Mana Viper        Hex/Summ       0%         N/A       100%        5
 Yara's Violent Unravell  Hex/Tmut       0%         3d3       100%        5
 Dispersal                Tloc           0%         N/A       100%        6
 Invisibility             Hex            0%         N/A       100%        6
 Iron Shot                Conj/Erth      0%         9d1       100%        6
 Simulacrum               Ice/Necr       0%         N/A       100%        6
 Statue Form              Tmut/Erth      0%         N/A       100%        6
 Monstrous Menagerie      Summ           0%         N/A       100%        7
 Storm Form               Tmut/Air       0%         N/A       100%        7
 Borgnjor's Revivificati  Necr           0%         N/A       100%        8
 Discord                  Hex            0%         N/A       100%        8
 Disjunction              Tloc           0%         N/A       100%        8
 Infestation              Necr           0%         N/A       100%        8
 Maxwell's Capacitive Co  Air            0%         ∞         100%        8
 Necromutation            Tmut/Necr      0%         N/A       100%        8
 Death's Door             Necr           0%         N/A       100%        9


Dungeon Overview and Level Annotations

Branches:
Dungeon (15/15)            Temple (1/1) D:6            Lair (6/6) D:10
 Shoals (4/4) Lair:3       Spider (4/4) Lair:2        Slime (0/5) Lair:6
    Orc (2/2) D:10            Elf (3/3) Orc:2        Vaults (3/5) D:13
 Depths (5/5) D:15            Zot (0/5) Depths:5    Gauntlet (visited)
  Crypt: Vaults:2-3

Altars:
Ashenzari
Cheibriados
Dithmenos
Elyvilon
Fedhas
Gozag
Hepliaklqana
Kikubaaqudgha
Makhleb
Nemelex Xobeh
Okawaru
Qazlal
Ru
Sif Muna
Trog
Uskayaw
Vehumet
Wu Jian
Xom
Yredelemnul
Zin
The Shining One
Jiyva

Shops:
D:5 [   Orc:2 *((?[[!*   Shoals:1 *   Shoals:2 (   Vaults:1 *   Vaults:2 [
Depths:4 *[(

Portals:
Hell: Depths:1 Depths:2 Depths:3 Depths:4 Depths:5
Abyss: Depths:2 Depths:3 Depths:4
Pandemonium: Depths:3
Ziggurat: Depths:1
Trove: Depths:2 (give 7 scrolls of fog)

Annotations:
D:15 Roxanne
Lair:3 exclusion: oklob plant
Lair:4 exclusion: downstairs
Spider:2 exclusion: downstairs
Elf:2 2 runed translucent doors
Vaults:2 exclusion: 2 downstairs
Vaults:3 Mennas


Innate Abilities, Weirdness & Mutations

You have a pair of large antennae on your head. (SInv)
You are completely covered in icy blue scales. (AC +4, rC+)
You sometimes gain power by taking damage.
You are completely covered in sharp spines.
Your hexes are more powerful.
You have large cloven feet.
You have supernaturally acute eyesight. (SInv)
Your spells are a little harder to cast, but a little more powerful.
[Your body often deteriorates upon taking damage.]
[You are dopey. (Int -2)]
[Your magical capacity is very low. (-20% MP)]
[Your spells are easier to cast, but less powerful.]


Message History

You block the starcursed mass's attack.
A deafening chorus of shrieks assaults your mind!
You shrug off the repeated paralysis!
You block the starcursed mass's attack.
You thrash the starcursed mass!!
You destroy the starcursed mass!
Okawaru accepts your kill. You block the starcursed mass's attack.
A starcursed mass splits.
You whack the efreet!
The efreet is lightly wounded.
A starcursed mass splits. x2
You whack the starcursed mass!
You destroy the starcursed mass!
Okawaru accepts your kill. You block the efreet's attack.
You whack the bone dragon!
The bone dragon is lightly damaged.
The efreet gestures at you. The bolt of fire hits you. You resist.
You whack the bone dragon!
The bone dragon is moderately damaged.
You block the wraith's attack.
A cacophony of accursed wailing tears at your sanity!
* * * LOW HITPOINT WARNING * * *
You suddenly lose the ability to move!
The bone dragon bites you!
* * * LOW HITPOINT WARNING * * *
The bone dragon claws you but does no damage.
The bone dragon tramples you but does no damage.
A starcursed mass splits.
A cacophony of accursed wailing tears at your sanity!
* * * LOW HITPOINT WARNING * * *
The efreet hits you with a +0 scimitar of flaming!
* * * LOW HITPOINT WARNING * * *
You focus on the pain.
You feel very mighty all of a sudden. The efreet burns you.
* * * LOW HITPOINT WARNING * * *
The wraith is struck by your spines. The wraith hits you but does no damage.
The bone dragon bites you but does no damage.
The bone dragon claws you!
You die...

. . §### .
≈≈≈≈# { ≈○ .
≈..# ≈≈ ≈
≈..##
≈≈.#### ..#
≈ # ...##X##
..#§#§#XX# #
. #§)XXXD##
{
...†.#§X5W@#
..
.####X#R##{
# # ## #X...
......#
.#.##..# ..
#. ...# . ..
.## .# ..


You could see a bone dragon, 9 starcursed masses, an efreet, a wraith and an
iron imp.

Vanquished Creatures
  2 juggernauts
  Boris (Depths:5)
  Margery (Vaults:2)
  Saint Roka (Depths:5)
  2 caustic shrikes
  3 golden dragons
  A profane servitor (Abyss:2)
  Arachne (Spider:4)
  A tentacled monstrosity (Depths:3)
  A hellephant (Depths:2)
  2 deep elf master archers (Elf:3)
  A titan (Depths:3)
  2 tengu reavers
  2 sphinxes
  4 tentacled starspawn
  Kirke (Spider:2)
  3 storm dragons
  A shadow dragon (Depths:5)
  Donald (Shoals:3)
  4 fire giants
  A draconian knight (Depths:5)
  8 emperor scorpions
  6 vault wardens
  An iron dragon (Depths:3)
  3 deep elf sorcerers (Elf:3)
  Aizul (Spider:2)
  4 ghost moths
  Louise (Spider:2)
  9 frost giants
  2 orc warlords (Orc:2)
  A draconian stormcaller (Depths:5)
  7 spriggan defenders
  A war gargoyle (Vaults:1)
  A draconian annihilator (Depths:5)
  4 ironbound preservers
  15 stone giants
  2 vampire knights
  6 very ugly things
  2 deep elf demonologists (Elf:3)
  2 lorocyprocas (Depths:3)
  5 entropy weavers
  2 deep elf annihilators (Elf:3)
  3 black draconians (Depths:5)
  A red draconian (Depths:5)
  A white draconian (Depths:5)
  A bunyip (shapeshifter) (Elf:3)
  18 dire elephants
  A purple draconian (Depths:5)
  2 spark wasps
  A minotaur (Gauntlet)
  4 merfolk javelineers
  5 ettins
  7 merfolk impalers
  10 deep elf death magi
  8 fire dragons
  7 great orbs of eyes
  2 yaktaur captains
  Josephine (D:15)
  2 naga warriors (Abyss:3)
  5 ice dragons
  2 vault guards
  8 rakshasas
  An ogre mage (D:13)
  A peacekeeper (Vaults:1)
  5 spriggan air magi
  2 catoblepae
  Erolcha (D:12)
  7 ironbound thunderhulks
  5 boulder beetles
  4 merfolk avatars
  5 merfolk aquamancers (Shoals:4)
  An ironbound frostheart (Vaults:1)
  14 hydras
  3 two-headed ogres
  19 dancing weapons
  3 centaur warriors
  17 death yaks
  A death knight (D:12)
  7 tengu warriors
  4 vampire magi
  Urug (Lair:1)
  7 deep troll shamans
  2 ironbound beastmasters
  4 deep troll earth magi
  6 spriggan berserkers
  5 spriggans
  2 thrashing horrors
  Sonja (Lair:6)
  A soul eater (Depths:2)
  16 deep elf knights
  5 orc high priests
  11 hell knights
  2 wretched stars
  7 iron trolls
  8 skeletal warriors
  A sun demon (Depths:2)
  A golden dragon zombie (D:15)
  2 sixfirhies
  14 sea snakes
  2 flayed ghosts
  An orange crystal statue (Shoals:1)
  2 glowing orange brains
  9 deep trolls
  17 deep elf archers
  7 spectral wolf spiders (Spider:2)
  7 wizards
  6 lindwurms
  A golden dragon skeleton (Depths:1)
  A lindwurm (shapeshifter) (Depths:5)
  34 deep elf pyromancers
  An orb spider (shapeshifter) (Elf:3)
  A wolf spider zombie (Spider:2)
  17 orb spiders
  10 necromancers
  8 orc knights
  27 deep elf zephyrmancers
  18 harpies
  5 orc sorcerers
  2 frost giant zombies
  8 ironbound convokers
  24 wolf spiders
  A shining eye (Abyss:2)
  23 ugly things
  A mana viper (shapeshifter) (Abyss:2)
  13 cyclopes
  A salamander (Depths:5)
  6 fauns (Shoals:3)
  16 manticores
  30 elephants
  A fire giant skeleton (Depths:1)
  7 merfolk sirens
  3 rust devils
  2 orange demons
  3 black mambas
  6 torpor snails (Lair:6)
  6 vault sentinels
  3 water nymphs
  11 cane toads
  4 smoke demons
  A guardian serpent (Abyss:3)
  4 centaur skeletons (D:13)
  A gargoyle (D:12)
  An unseen horror (D:10)
  12 komodo dragons
  A hellion (Gauntlet)
  5 yaktaurs
  A freezing wraith (Abyss:3)
  5 rime drakes
  An efreet (Abyss:2)
  3 ancient zymes
  3 ice devils (Depths:3)
  6 kobold demonologists
  A tormentor (Depths:3)
  2 tengu conjurers
  13 demonic crawlers
  A silent spectre (Abyss:3)
  A guardian mummy (D:15)
  A polar bear (shapeshifter) (Elf:1)
  5 wind drakes
  2 wolf spider simulacra
  4 polar bears
  11 trolls
  21 merfolk
  39 jumping spiders
  7 tyrant leeches
  16 hornets
  12 blink frogs
  Grinder (D:6)
  21 slime creatures
  8 dream sheep
  16 raiju
  An ice dragon skeleton (Depths:1)
  7 snapping turtles
  An ice dragon zombie (Depths:1)
  A spriggan zombie (D:15)
  A centaur simulacrum (D:12)
  8 small abominations
  2 shadows
  5 flying skulls (Gauntlet)
  23 tarantellas
  3 air elementals
  4 wyverns
  67 redbacks
  A spriggan (shapeshifter) (Elf:3)
  9 wraiths
  A vampire (D:12)
  17 water elementals
  40 yaks
  A ynoxinul (Abyss:3)
  2 hogs (Spider:2)
  A basilisk (shapeshifter) (D:12)
  13 basilisks
  A hog (shapeshifter) (Elf:3)
  6 vampire mosquitoes (D:13)
  3 fire elementals
  2 chaos spawn
  A steam dragon (D:6)
  3 neqoxecs (Abyss:3)
  4 wargs
  A death yak simulacrum (Lair:1)
  7 large abominations
  A naga (Abyss:3)
  3 swamp worms
  A tengu zombie (D:15)
  A human zombie (Depths:1)
  2 hell hounds (Gauntlet)
  3 acid dragons
  11 water moccasins
  2 swamp drakes (Lair:4)
  5 black bears
  54 orc warriors
  2 ice beasts
  2 necrophages
  An ogre (shapeshifter) (Abyss:3)
  16 ogres
  5 boggarts (D:15)
  30 wolves
  15 centaurs
  3 kobold brigands
  13 bullfrogs
  3 gnoll sergeants
  A scorpion (D:6)
  7 earth elementals
  A water moccasin zombie (D:5)
  A wyvern skeleton (D:6)
  15 electric eels
  6 killer bees (D:8)
  10 wights
  2 howler monkeys
  18 starcursed masses
  A quasit (Abyss:3)
  4 hounds
  6 centaur zombies
  2 jellies
  A bullfrog skeleton (D:5)
  21 orc priests
  An iron imp (Abyss:3)
  8 iguanas
  11 orc wizards
  8 hell rats
  A polar bear simulacrum (Lair:1)
  A hound skeleton (D:4)
  3 howler monkey zombies
  14 gnolls
  A howler monkey skeleton (D:5)
  5 adders
  A shadow imp (D:6)
  A white imp (D:8)
  2 ufetubi
  An adder skeleton (D:4)
  99 orcs
  5 endoplasms
  16 goblins
  5 hobgoblins
  3 jackals (D:1)
  4 quokkas
  3 training dummies (Shoals:2)
  2 ball pythons
  2 bats (D:3)
  3 frilled lizards (D:2)
  10 kobolds
  4 rats
  2 starspawn tentacles
1696 creatures vanquished.

Vanquished Creatures (collateral kills)
  Rupert (Orc:2)
  An orc high priest (Orc:2)
  A swamp dragon (Lair:4)
  An orc knight (Orc:2)
  An elephant (Lair:6)
  A swamp worm (Lair:4)
  5 orc warriors (Orc:2)
  An orc priest (Orc:2)
  A howler monkey zombie (D:9)
  A giant cockroach (D:1)
  A jackal (D:1)
  A frilled lizard (D:1)
16 creatures vanquished.

Vanquished Creatures (others)
  2 deep elf blademasters (Elf:3)
  A deep elf annihilator (Elf:3)
  2 spark wasps (Spider:4)
  A dancing weapon (Elf:1)
  A deep elf pyromancer (Elf:3)
  2 deep elf zephyrmancers (Elf:1)
  A komodo dragon (Lair:6)
  A jumping spider (Spider:3)
  A raiju (Abyss:3)
  A human (Spider:2)
  A small abomination (Abyss:3)
  A starcursed mass (Abyss:3)
  An orc (Orc:2)
  A bush (Lair:6)
  156 fungi
  159 plants
  15 starspawn tentacles
  15 withered plants
362 creatures vanquished.

Grand Total: 2074 creatures vanquished

Notes
Turn   | Place    | Note
-------+----------+-------------------------------------------
     0 | D:1      | freelancePsychic the Demonspawn Artificer began the quest
                  | for the Orb.
     0 | D:1      | Reached XP level 1. HP: 15/15 MP: 1/1
    26 | D:1      | Reached skill level 1 in Dodging
   752 | D:1      | Gained mutation: You are partially covered in sharp spines.
                  | [demonic ancestry]
   752 | D:1      | Reached XP level 2. HP: 21/21 MP: 2/2
   880 | D:2      | Found a faded altar of an unknown god.
  1010 | D:2      | Reached skill level 1 in Maces & Flails
  1068 | D:2      | Gained mutation: You are partially covered in icy blue
                  | scales. (AC +2) [demonic ancestry]
  1068 | D:2      | Reached XP level 3. HP: 24/27 MP: 3/3
  3036 | D:4      | Reached XP level 4. HP: 25/34 MP: 4/4
  3047 | D:4      | Reached skill level 1 in Throwing
  3470 | D:4      | Reached XP level 5. HP: 21/39 MP: 5/5
  3647 | D:4      | Noticed a necrophage
  3651 | D:4      | Killed a necrophage
  3708 | D:4      | Reached XP level 6. HP: 37/46 MP: 6/6
  3745 | D:4      | Gained mutation: You have large cloven feet. [potion of
                  | mutation]
  3745 | D:4      | Gained mutation: Your spells are a little harder to cast,
                  | but a little more powerful. [potion of mutation]
  3745 | D:4      | Gained mutation: You have supernaturally acute eyesight.
                  | (SInv) [potion of mutation]
  3747 | D:4      | Identified the +6 trident "Keothran" {antimagic, rElec
                  | rCorr Str+2 Dex-2}
  4512 | D:5      | Entered Level 5 of the Dungeon
  4512 | D:5      | Noticed a water moccasin
  4527 | D:4      | Killed a water moccasin
  4531 | D:4      | HP: 2/46 [poisoned by a water moccasin]
  4777 | D:5      | Gained mutation: You sometimes gain a little power by
                  | taking damage. [demonic ancestry]
  4777 | D:5      | Reached XP level 7. HP: 51/51 MP: 7/7
  4786 | D:5      | Found Xadyafo Heomm's Antique Armour Shoppe.
  4821 | D:5      | Reached skill level 5 in Maces & Flails
  5032 | D:5      | Reached skill level 5 in Evocations
  5225 | D:4      | Gained mutation: You are mostly covered in sharp spines.
                  | [demonic ancestry]
  5225 | D:4      | Reached XP level 8. HP: 46/57 MP: 8/8
  5419 | D:5      | Identified the ring of the Garden {rF- rN+ Int+2 SInv}
  6660 | D:6      | Reached XP level 9. HP: 36/64 MP: 9/9
  7363 | D:6      | Noticed Grinder
  7369 | D:6      | Killed Grinder
  7370 | D:6      | Reached skill level 5 in Fighting
  7497 | D:6      | Found a staircase to the Ecumenical Temple.
  7503 | Temple   | Entered the Ecumenical Temple
  7754 | Temple   | Became a worshipper of Warmaster Okawaru
  9107 | D:8      | Reached * piety under Okawaru
  9335 | D:8      | Gained mutation: You are mostly covered in icy blue scales.
                  | (AC +3) [demonic ancestry]
  9335 | D:8      | Reached XP level 10. HP: 61/77 MP: 10/10
  9535 | D:8      | Noticed a two-headed ogre
  9553 | D:8      | Killed a two-headed ogre
  9553 | D:8      | Reached ** piety under Okawaru
 10067 | D:8      | Reached skill level 10 in Evocations
 10991 | D:9      | Reached *** piety under Okawaru
 11167 | D:9      | Reached skill level 5 in Throwing
 11189 | D:9      | Reached skill level 1 in Invocations
 11938 | D:10     | Entered Level 10 of the Dungeon
 12305 | D:10     | Noticed a death yak
 12306 | D:10     | Noticed a death yak
 12306 | D:10     | Noticed a death yak
 12341 | D:9      | Gained mutation: You have a pair of small antennae on your
                  | head. [demonic ancestry]
 12341 | D:9      | Reached XP level 11. HP: 77/87 MP: 13/13
 12435 | D:9      | Killed a death yak
 12435 | D:9      | Reached **** piety under Okawaru
 12693 | D:10     | Received a gift from Okawaru
 12741 | D:10     | Found a staircase to the Lair.
 12750 | D:10     | Noticed a death yak
 12750 | D:10     | Noticed a death yak
 12780 | D:10     | Killed a death yak
 12913 | D:10     | Noticed a death yak
 12914 | D:10     | Noticed a death yak
 12932 | D:9      | Killed a death yak
 13072 | D:10     | Noticed a death yak
 13087 | D:9      | Killed a death yak
 13689 | D:10     | Killed a death yak
 13689 | D:10     | Reached ***** piety under Okawaru
 13689 | D:10     | Received a gift from Okawaru
 13948 | D:9      | Killed a death yak
 13949 | D:9      | Reached skill level 10 in Fighting
 14256 | D:9      | Killed a death yak
 14257 | D:9      | Reached skill level 5 in Armour
 14408 | D:9      | Killed a death yak
 14638 | D:10     | Received a gift from Okawaru
 14739 | D:10     | Found a staircase to the Orcish Mines.
 15133 | D:10     | Received a gift from Okawaru
 15328 | Lair:1   | Entered Level 1 of the Lair of Beasts
 15443 | Lair:1   | Reached XP level 12. HP: 43/99 MP: 14/14
 15915 | Lair:1   | Noticed Urug
 15931 | Lair:1   | Killed Urug
 15931 | Lair:1   | Received a gift from Okawaru
 16116 | Lair:1   | Found a frozen archway.
 16137 | Lair:1   | Noticed a four-headed hydra
 16489 | Lair:1   | Killed a four-headed hydra
 16675 | Lair:1   | Received a gift from Okawaru
 16733 | Lair:1   | Noticed a seven-headed hydra
 16741 | Lair:1   | Killed a seven-headed hydra
 17014 | Lair:1   | Noticed a four-headed hydra
 17023 | Lair:1   | Killed a four-headed hydra
 17437 | Lair:1   | Noticed a seven-headed hydra
 17446 | Lair:1   | Killed a seven-headed hydra
 18051 | Lair:2   | Reached skill level 1 in Shields
 18202 | Lair:2   | Reached skill level 2 in Shields
 18416 | Lair:2   | Reached skill level 10 in Maces & Flails
 18488 | Lair:2   | Found a hole to the Spider Nest.
 18512 | Lair:2   | Reached skill level 3 in Shields
 18877 | Lair:2   | Noticed a seven-headed hydra
 18891 | Lair:2   | Killed a seven-headed hydra
 18892 | Lair:2   | Reached skill level 4 in Shields
 19691 | Lair:3   | Found a staircase to the Shoals.
 19813 | Lair:3   | Reached XP level 13. HP: 106/106 MP: 15/15
 20489 | Lair:3   | Reached skill level 5 in Shields
 21272 | Lair:3   | Identified the +7 scale mail of the Trombone {Harm Str-4
                  | Int+5 SInv}
 21305 | Lair:3   | Found a basalt altar of Yredelemnul.
 21536 | Lair:3   | Received a gift from Okawaru
 22157 | Lair:4   | Reached skill level 6 in Shields
 23462 | Lair:4   | Reached skill level 7 in Shields
 24397 | Lair:4   | Identified the +9 morningstar of Jafoimoo {antimagic, Will+
                  | Str+4} (Okawaru gifted it to you on level 4 of the Lair of
                  | Beasts)
 24397 | Lair:4   | Received a gift from Okawaru
 24810 | Lair:5   | Reached skill level 8 in Shields
 25859 | Lair:5   | Received a gift from Okawaru
 26513 | Lair:5   | Reached skill level 9 in Shields
 26794 | Lair:6   | Entered Level 6 of the Lair of Beasts
 26821 | Lair:6   | Found a gate leading to a gauntlet.
 26847 | Lair:6   | Found a staircase to the Slime Pits.
 26848 | Lair:6   | Found a viscous altar of Jiyva.
 26862 | Gauntlet | Entered a Gauntlet
 26862 | Gauntlet | Found a transporter.
 26862 | Gauntlet | Found a transporter.
 26989 | Gauntlet | Found a transporter.
 26992 | Gauntlet | Found a transporter.
 27000 | Gauntlet | Found a transporter.
 27003 | Gauntlet | Found a transporter.
 27009 | Gauntlet | Found a runed translucent gate.
 27009 | Gauntlet | Found a runed translucent gate.
 27010 | Gauntlet | Found a runed translucent gate.
 27011 | Gauntlet | Found a transporter.
 27027 | Gauntlet | Found a large runed translucent door.
 27028 | Gauntlet | Found a large runed translucent door.
 27029 | Gauntlet | Found a large runed translucent door.
 27030 | Gauntlet | Found a runed translucent gate.
 27031 | Gauntlet | Found a transporter.
 27031 | Gauntlet | Found a runed translucent gate.
 27031 | Gauntlet | Found a large runed translucent door.
 27032 | Gauntlet | Found a large runed translucent door.
 27032 | Gauntlet | Found a large runed translucent door.
 27032 | Gauntlet | Found a runed translucent door.
 27033 | Gauntlet | Found a runed translucent gate.
 27033 | Gauntlet | Found a runed translucent door.
 27033 | Gauntlet | Found a large runed translucent door.
 27034 | Gauntlet | Found a large runed translucent door.
 27036 | Gauntlet | Found a transporter.
 27039 | Gauntlet | Found a transporter.
 27049 | Gauntlet | Found a transporter.
 27052 | Gauntlet | Found a transporter.
 27101 | Gauntlet | Found a large runed translucent door.
 27102 | Gauntlet | Found a large runed translucent door.
 27103 | Gauntlet | Found a large runed translucent door.
 27103 | Gauntlet | Found a large runed translucent door.
 27104 | Gauntlet | Found a large runed translucent door.
 27105 | Gauntlet | Found a large runed translucent door.
 27106 | Gauntlet | Found a large runed translucent door.
 27106 | Gauntlet | Found a large runed translucent door.
 27194 | Gauntlet | Gained mutation: You have a pair of antennae on your head.
                  | [demonic ancestry]
 27194 | Gauntlet | Reached XP level 14. HP: 109/114 MP: 14/16
 27385 | Gauntlet | Received a gift from Okawaru
 27808 | Lair:6   | Identified the ring "Gyedurghu" {rF+ Int+2 Dex+6}
 28229 | Lair:6   | Noticed Sonja
 28234 | Lair:6   | Killed Sonja
 28390 | Lair:6   | Reached skill level 10 in Shields
 29224 | Lair:6   | Found a runed translucent door.
 30116 | Lair:6   | Reached skill level 11 in Shields
 30503 | Lair:6   | Received a gift from Okawaru
 31384 | Lair:6   | Identified a scroll of acquirement
 31385 | Lair:6   | Acquired a +1 tower shield of cold resistance
 31722 | Lair:6   | Reached XP level 15. HP: 78/122 MP: 18/18
 32045 | Lair:6   | Received a gift from Okawaru
 32050 | Lair:6   | Identified the amulet of Awe {RegenMP Will+}
 32246 | D:11     | Acquired the ring "Xeap Eno" {Ice rPois Will+ Str+8 Int-2}
 32545 | D:11     | Reached skill level 5 in Invocations
 33420 | Orc:1    | Entered Level 1 of the Orcish Mines
 33520 | Orc:2    | Entered Level 2 of the Orcish Mines
 33570 | Orc:2    | Noticed an orc warlord
 33602 | Orc:2    | Killed an orc warlord
 33603 | Orc:2    | Reached skill level 12 in Shields
 33765 | Orc:2    | Found Herierphe's Antique Armour Shop.
 33788 | Orc:2    | Found Huucedgha's Antique Armour Boutique.
 33790 | Orc:2    | Found a radiant altar of Vehumet.
 33793 | Orc:2    | Found a staircase to the Elven Halls.
 33801 | Orc:2    | Noticed an orc warlord
 33847 | Orc:2    | Killed an orc warlord
 34522 | Orc:2    | Found Maomayxt's Distillery.
 34718 | Orc:2    | Noticed Rupert
 34744 | Orc:2    | Killed Rupert
 35134 | Orc:2    | Found Bemus's CLEARANCE SALE! EVERYTHING MUST GO!.
 35152 | Orc:2    | Bought a potion of ambrosia for 16 gold pieces
 36655 | Orc:2    | Found Tierumy's Magic Scroll Boutique.
 36656 | Orc:2    | Found Kuch's General Store.
 36656 | Orc:2    | Found Esuduid's Weapon Shop.
 36657 | Orc:2    | Found Hofeymung's Weapon Boutique.
 36875 | Orc:2    | Bought 2 scrolls of silence for 180 gold pieces
 36878 | Orc:2    | Bought a scroll of acquirement for 728 gold pieces
 36878 | Orc:2    | Acquired 987 gold pieces
 36880 | Orc:2    | Bought a scroll of blinking for 105 gold pieces
 36880 | Orc:2    | Bought a scroll of summoning for 133 gold pieces
 36880 | Orc:2    | Bought a scroll of summoning for 133 gold pieces
 36880 | Orc:2    | Bought a scroll of fog for 28 gold pieces
 38153 | D:12     | Identified the +8 hand axe "Leav" {vorpal, rPois Will+++
                  | MP+9 Dex-4}
 38331 | D:12     | Reached skill level 13 in Shields
 38418 | D:12     | Identified the ring "Ykkis" {rCorr SInv}
 38511 | D:12     | Reached ****** piety under Okawaru
 38890 | D:12     | Received a gift from Okawaru
 38912 | D:12     | Noticed Erolcha
 38922 | D:12     | Killed Erolcha
 39501 | D:12     | Got Sif Muna's Volume of Feathers and Changing
 40268 | D:13     | Gained mutation: You are completely covered in sharp
                  | spines. [demonic ancestry]
 40268 | D:13     | Reached XP level 16. HP: 128/131 MP: 20/20
 40329 | D:13     | Found a gate to the Vaults.
 41440 | D:14     | Received a gift from Okawaru
 41713 | D:14     | Received a gift from Okawaru
 41856 | D:14     | Reached skill level 14 in Shields
 42880 | D:15     | Entered Level 15 of the Dungeon
 43820 | D:15     | Identified Roxanne's Incunabulum of Transformation
 43820 | D:15     | Noticed Roxanne
 44114 | D:15     | Found a staircase to the Depths.
 44360 | D:15     | Noticed Josephine
 44370 | D:15     | Killed Josephine
 45131 | Spider:1 | Entered Level 1 of the Spider Nest
 45298 | Spider:1 | Noticed Asterion
 45637 | Spider:1 | Noticed Asterion
 45637 | Spider:1 | Asterion changed into Asterion the dire elephant
 45649 | Spider:1 | Killed Asterion the dire elephant
 47012 | Spider:2 | Received a gift from Okawaru
 48245 | Spider:2 | Reached skill level 15 in Fighting
 48368 | Spider:2 | Gained mutation: You sometimes gain power by taking damage.
                  | [demonic ancestry]
 48368 | Spider:2 | Reached XP level 17. HP: 105/142 MP: 21/21
 48823 | Spider:2 | Noticed Kirke
 48834 | Spider:2 | Killed Kirke
 48991 | Spider:2 | Noticed Louise
 49002 | Spider:2 | Received a gift from Okawaru
 49066 | Spider:2 | Killed Louise
 49397 | Spider:2 | Reached skill level 15 in Shields
 49878 | Spider:3 | Noticed Aizul
 49919 | Spider:2 | Killed Aizul
 50181 | Spider:3 | Reached skill level 10 in Armour
 50452 | Spider:3 | Received a gift from Okawaru
 51152 | Spider:4 | Entered Level 4 of the Spider Nest
 51557 | Spider:4 | Noticed Arachne
 51584 | Spider:4 | Killed Arachne
 51585 | Spider:4 | Reached skill level 5 in Dodging
 52094 | Spider:4 | Received a gift from Okawaru
 52800 | Spider:4 | Got a gossamer rune of Zot
 53497 | Vaults:1 | Entered Level 1 of the Vaults
 53555 | Vaults:1 | Gained mutation: You have a pair of large antennae on your
                  | head. (SInv) [demonic ancestry]
 53555 | Vaults:1 | Reached XP level 18. HP: 96/150 MP: 22/22
 53923 | Vaults:1 | Found Xitraf's General Store.
 54209 | Vaults:1 | Identified the +1 robe of the Meadowlark {*Slow +Inv Will++
                  | Slay-6}
 54232 | Vaults:1 | Received a gift from Okawaru
 55039 | Vaults:1 | Identified the +10 great mace of Joma {vorpal, Str+3}
                  | (Okawaru gifted it to you on level 1 of the Vaults)
 55039 | Vaults:1 | Received a gift from Okawaru
 55756 | Vaults:2 | Reached skill level 10 in Dodging
 56100 | Vaults:2 | Found Relol's Armour Emporium.
 56368 | Vaults:2 | Identified the +3 morningstar of Cyps {vorpal, rCorr}
                  | (Okawaru gifted it to you on level 2 of the Vaults)
 56368 | Vaults:2 | Received a gift from Okawaru
 56511 | Vaults:2 | Reached skill level 16 in Shields
 56582 | Vaults:2 | Identified the +10 plate armour "Hiov" {Str+4}
 56701 | Vaults:2 | Noticed Margery
 57127 | Vaults:2 | Killed Margery
 58271 | Vaults:3 | Identified the -2 tower shield of a bailey {Will+ Dex+4}
 58271 | Vaults:3 | Noticed Mennas
 58753 | Elf:1    | Entered Level 1 of the Elven Halls
 59502 | Elf:1    | Received a gift from Okawaru
 59529 | Elf:1    | Received a gift from Okawaru
 59531 | Elf:1    | Gained mutation: Your hexes are more powerful. [demonic
                  | ancestry]
 59531 | Elf:1    | Reached XP level 19. HP: 56/150 MP: 24/24
 60352 | Elf:1    | Received a gift from Okawaru
 61283 | Elf:2    | Found a runed translucent door.
 61309 | Elf:2    | Found a runed translucent door.
 61705 | Elf:3    | Entered Level 3 of the Elven Halls
 61752 | Elf:3    | Found a shimmering blue altar of Sif Muna.
 62206 | Elf:3    | Cast into level 2 of the Abyss (a deep elf sorcerer)
 62228 | Abyss:2  | Got the Grimoire of Lethal Transformation
 62253 | Abyss:2  | Noticed a profane servitor
 62280 | Abyss:2  | Killed a profane servitor
 62350 | Elf:3    | Escaped the Abyss
 62608 | Elf:3    | Received a gift from Okawaru
 63225 | Elf:3    | Paralysed by an air elemental for 1 turns
 64179 | Elf:3    | Got the Volume of Atheism
 64187 | Elf:3    | Identified the +0 hunting sling of Ascent {vorpal, rElec
                  | Int+3}
 64276 | Elf:3    | Got the Incunabulum of Dislocated Confrontation
 64940 | Shoals:1 | Entered Level 1 of the Shoals
 64956 | Lair:3   | Gained mutation: You are completely covered in icy blue
                  | scales. (AC +4, rC+) [demonic ancestry]
 64956 | Lair:3   | Reached XP level 20. HP: 124/160 MP: 12/25
 65559 | Shoals:1 | Found Qaivotuu's Assorted Antiques.
 65573 | Shoals:1 | Bought a scroll of teleportation for 102 gold pieces
 65573 | Shoals:1 | Bought a potion of haste for 340 gold pieces
 65573 | Shoals:1 | Bought a potion of cancellation for 272 gold pieces
 66746 | Shoals:2 | Found Jaruo's Firing Range.
 66869 | Shoals:2 | Received a gift from Okawaru
 67854 | Shoals:3 | Noticed Donald
 67866 | Shoals:3 | Killed Donald
 68791 | Shoals:4 | Entered Level 4 of the Shoals
 68940 | Shoals:4 | Identified the +6 broad axe of the Extremely Mad {chaos,
                  | Will+ Int+5}
 69414 | Shoals:4 | Got a barnacled rune of Zot
 69658 | Shoals:4 | Received a gift from Okawaru
 69686 | Shoals:4 | Acquired the +9 tower shield "Titsal" {Contam Will- Str+9
                  | Stlth+}
 70921 | Orc:2    | Bought a potion of heal wounds for 75 gold pieces
 70921 | Orc:2    | Bought a potion of berserk rage for 75 gold pieces
 70921 | Orc:2    | Bought a potion of lignification for 45 gold pieces
 71147 | Depths:1 | Entered Level 1 of the Depths
 71586 | Depths:1 | Found a gateway to a ziggurat.
 73070 | Depths:1 | Received a gift from Okawaru
 73235 | Depths:1 | Found a sparkling altar of Nemelex Xobeh.
 73353 | Depths:1 | Found a gateway to Hell.
 73709 | Depths:2 | Noticed a juggernaut
 73740 | Depths:1 | Killed a juggernaut
 73740 | Depths:1 | Identified the +5 ring mail of Duck's Teeth {rF+ Dex+2}
                  | (Okawaru gifted it to you on level 1 of the Depths)
 73740 | Depths:1 | Received a gift from Okawaru
 73741 | Depths:1 | Reached XP level 21. HP: 172/177 MP: 26/26
 73840 | Depths:2 | Reached skill level 17 in Shields
 73881 | Depths:2 | Found a flickering gateway to a bazaar.
 73890 | Bazaar   | Entered a bazaar
 74004 | Bazaar   | Found Eluenn Varch's Magic Scroll Shop.
 74004 | Bazaar   | Found Etsadue's Assorted Antiques.
 74005 | Bazaar   | Found Apeekyz's Book Emporium.
 74011 | Bazaar   | Bought a scroll of blinking for 120 gold pieces
 74011 | Bazaar   | Bought a scroll of teleportation for 48 gold pieces
 74036 | Bazaar   | Found Ytivyul's Distillery.
 74057 | Bazaar   | Bought a scroll of teleportation for 45 gold pieces
 74057 | Bazaar   | Bought a scroll of enchant armour for 112 gold pieces
 74057 | Bazaar   | Bought a scroll of enchant armour for 112 gold pieces
 74057 | Bazaar   | Bought a scroll of blinking for 112 gold pieces
 74057 | Bazaar   | Bought a scroll of teleportation for 45 gold pieces
 74070 | Bazaar   | Bought a potion of mutation for 56 gold pieces
 74070 | Bazaar   | Bought a potion of heal wounds for 35 gold pieces
 74070 | Bazaar   | Bought a potion of haste for 70 gold pieces
 74070 | Bazaar   | Bought 2 potions of might for 56 gold pieces
 74070 | Bazaar   | Bought 2 potions of might for 56 gold pieces
 74070 | Bazaar   | Bought a potion of might for 28 gold pieces
 75162 | Depths:2 | Found a one-way gate to the infinite horrors of the Abyss.
 75521 | Depths:2 | Found a portal to a secret trove of treasure.
 75742 | Depths:2 | Reached skill level 18 in Shields
 76050 | Depths:3 | Identified the -1 pair of boots of the Stallion {rElec rN+}
                  | (Okawaru gifted it to you on level 3 of the Depths)
 76050 | Depths:3 | Received a gift from Okawaru
 76066 | Depths:3 | Noticed a golden dragon
 76093 | Depths:3 | Killed a golden dragon
 76098 | Depths:3 | Noticed a caustic shrike
 76108 | Depths:3 | Noticed a golden dragon
 76112 | Depths:3 | Killed a caustic shrike
 76123 | Depths:3 | Killed a golden dragon
 76808 | Depths:3 | Reached skill level 19 in Shields
 78201 | Depths:3 | Found a one-way gate leading to the halls of Pandemonium.
 78472 | Depths:4 | Found Vaonuoc's General Store.
 78590 | Depths:3 | Received a gift from Okawaru
 78591 | Depths:3 | Reached XP level 22. HP: 83/184 MP: 28/28
 78885 | Depths:4 | Found Mauz Kajisy's Armour Shoppe.
 78941 | Depths:4 | Found a flickering gateway to a bazaar.
 78950 | Bazaar   | Entered a bazaar
 79029 | Bazaar   | Found Bexzau's Weapon Boutique.
 79033 | Bazaar   | Found Ecvufaqe's Distillery.
 79033 | Bazaar   | Found Ywaibeit's Magic Scroll Boutique.
 79034 | Bazaar   | Found Ralasuqe's Assorted Antiques.
 79044 | Bazaar   | Bought a potion of haste for 120 gold pieces
 79044 | Bazaar   | Bought a potion of invisibility for 96 gold pieces
 79044 | Bazaar   | Bought a potion of cancellation for 96 gold pieces
 79049 | Bazaar   | Bought a scroll of enchant armour for 67 gold pieces
 79049 | Bazaar   | Bought a scroll of enchant armour for 67 gold pieces
 79049 | Bazaar   | Bought a scroll of summoning for 85 gold pieces
 79370 | Depths:4 | Found Qenusesoxo's Antique Weapon Emporium.
 79493 | Depths:4 | Reached skill level 10 in Invocations
 79584 | Depths:4 | Noticed a juggernaut
 79585 | Depths:4 | Noticed a caustic shrike
 79602 | Depths:4 | Killed a caustic shrike
 79603 | Depths:4 | Noticed a golden dragon
 79620 | Depths:4 | Killed a juggernaut
 79644 | Depths:4 | Killed a golden dragon
 79668 | Depths:4 | Killed a ghostly juggernaut
 80082 | Depths:5 | Entered Level 5 of the Depths
 80353 | Depths:4 | Reached skill level 20 in Shields
 80407 | Depths:5 | Identified the +5 mace of the Wasteland {freeze, Str+4}
 80418 | Depths:5 | Noticed Saint Roka
 80650 | Depths:5 | Killed Saint Roka
 80860 | Depths:5 | Received a gift from Okawaru
 80879 | Depths:5 | Reached skill level 15 in Armour
 81257 | Depths:5 | Received a gift from Okawaru
 81740 | Depths:5 | Received a gift from Okawaru
 82062 | Depths:5 | Found a gate to the Realm of Zot.
 82143 | Depths:5 | Noticed Boris
 82178 | Depths:5 | Killed Boris
 82539 | Depths:4 | Voluntarily entered the Abyss.
 82812 | Abyss:2  | Received a gift from Okawaru
 83190 | Abyss:2  | Paralysed by accursed screaming for 1 turns
 83506 | Abyss:3  | Found a corrupted altar of Lugonu.
 83552 | Abyss:3  | Found a corrupted altar of Lugonu.
 83829 | Abyss:3  | Reached XP level 23. HP: 80/190 MP: 31/31
 84122 | Abyss:3  | Identified the +0 pair of boots of Midwinter {Contam rN+
                  | Int+3} (Okawaru gifted it to you on level 3 of the Abyss)
 84122 | Abyss:3  | Received a gift from Okawaru
 84252 | Abyss:3  | Paralysed by accursed screaming for 1 turns
 84268 | Abyss:3  | Paralysed by accursed screaming for 1 turns
 84274 | Abyss:3  | Paralysed by accursed screaming for 2 turns
 84275 | Abyss:3  | HP: 8/190 [efreet (3)]
 84275 | Abyss:3  | Slain by a bone dragon

Illustrated notes

Levels and vault maps discovered:
D:1:      grunt_arrival_crossed_arrows, layout_rooms
D:2:      layout_loops_corners, hellmonk_ecumenical_altar_crossroads
D:3:      layout_basic
D:4:      layout_loops_corners
D:5:      layout_cave_pools, serial_shops, nicolae_shop_stone,
          minmay_misc_feat_tower, st_stairs_10, minmay_ogre_servants
D:6:      layout_loops_ring, minmay_temple_entry_fiery, uniq_grinder
D:7:      layout_basic
D:8:      layout_loops_ring
D:9:      layout_cave_pools
D:10:     layout_rooms, mainiacjoe_overflow_24_doors, dpeg_lair_monsters,
          hiddenorc1_lemuel, minmay_between
D:11:     layout_roguey
D:12:     minmay_the_grid_4x2 [minmay_the_grid_small_cups,
          minmay_the_grid_box_x, minmay_the_grid_pillar_ring,
          minmay_the_grid_embedded, minmay_the_grid_broken_lines,
          minmay_the_grid_tri_star, minmay_the_grid_minigrid_small,
          minmay_the_grid_prize_trominoes], layout_basic, uniq_erolcha
D:13:     layout_grid_maze, hangedman_vaults_entry_quadrant_bands
D:14:     layout_basic, nicolae_two_hexagons
D:15:     gammafunk_depths_entry_grave, layout_long_grid,
          hangedman_abyss_or_decor_passed, uniq_roxanne, uniq_josephine
Temple:   nicolae_temple_the_god_donut
Lair:1:   layout_layer_cave, portal_ice_cave_entry_ice_simulacra,
          grunt_megastairs_1, serial_bayou_shore_b, uniq_urug
Lair:2:   layout_misc_corridors, nicolae_spider_entry_tight_spaces,
          serial_bayou_shore_a, infiniplex_staircase_pool, lemuel_fruit_fields,
          lemuel_fruit_tree
Lair:3:   beast_lair_carwin_large_4, layout_chaotic_city, shoals_dummy_entry,
          basic_altar, grunt_megastairs_5
Lair:4:   onia_ninara_swampy_vault, layout_misc_corridors
Lair:5:   layout_layer_cave
Lair:6:   wormcave, layout_gridlike, hangedman_lair_in_review, slime_altar_1,
          gauntlet_entry_generic, uniq_sonja
Shoals:1: layout_shoals, serial_shops, nicolae_shop_crystal,
          dpeg_stationary_puzzle
Shoals:2: layout_shoals, nicolae_shop_firing_range
Shoals:3: layout_shoals, argonaut_gorgonesque, uniq_donald
Shoals:4: shoals_end_grunt_ice, layout_shoals, nicolae_shoals_dead_sea_scrolls
Spider:1: layout_spider_delve, uniq_asterion
Spider:2: layout_spider_delve, nicolae_spider_undead_wolf_pack, uniq_kirke,
          uniq_louise
Spider:3: layout_spider_delve, nicolae_spider_twisty_arc_passages, uniq_aizul
Spider:4: spider_rune_water, uniq_arachne
Orc:1:    layout_diamond_mine
Orc:2:    st_orc_pillars, layout_diamond_mine, serial_shops,
          nicolae_diamond_shop, shop, nicolae_shop_trees, basic_altar,
          nicolae_shop_clearance, uniq_rupert
Elf:1:    elf_arrival_001, layout_geoelf_diagonals, minivault_28
Elf:2:    layout_loops_ring, st_stairs_14, uniq_agnes
Elf:3:    minmay_elf_hall, layout_onion_city, basic_altar,
          serial_co_window_serial, co_window_paths_b, co_window_corner_a,
          co_window_paths_b, co_window_paths_b, co_window_paths_b,
          co_window_corner_b, co_window_of_opportunity_b, co_window_2corner,
          glass_columns_a, glass_columns_c, glass_columns_a, glass_columns_a,
          glass_columns_a, ebering_dispersal_statue_hall, minivault_14,
          nrook_mini_backslash
Vaults:1: nicolae_vaults_little_squares_3, nicolae_vaults_big_ls,
          ontoclasm_vaults_fault, v_misc_2, nicolae_vaults_circle_grid_a,
          ontoclasm_vaults_twist, nicolae_vaults_circle_grid_a,
          grunt_vaults_focal, nicolae_vaults_halls_meeting,
          nicolae_vaults_little_squares_2, ontoclasm_vaults_loading_screen,
          nicolae_vaults_circle_grid_a, v_misc_16, v_alt_pattern_4,
          vaults_room_hallway, layout_vaults_maze_bifur, serial_shops,
          shop_statue
Vaults:2: vaults_dpeg_spiral, v_misc_16, v_rooms_5,
          ontoclasm_vaults_loading_screen, vaults_room_stairs_pillars,
          vaults_room_pools, layout_vaults_chaotic_city, serial_shops, shop,
          uniq_margery
Vaults:3: minmay_crypt_entry_simple_round, v_misc_13, hangedman_vaults_stream,
          st_octagons_2, nicolae_vaults_diagonal_hallway_6,
          nicolae_vaults_rhombus_5, layout_vaults_omnicross, serial_shops,
          nicolae_shop_stone, uniq_mennas
Depths:1: layout_gridlike, enter_ziggurat_a, grunt_metal_band,
          grunt_ministairs_3, minmay_misc_feat_ornament,
          nemelex_diamond_rough_becter, grunt_megastairs_3, serial_bayou_shore_b
Depths:2: mu_elephants_graveyard, layout_cave_pools, hangedman_geh_valley,
          nicolae_trove_entry_columns, serial_shops, bzr_in_the_mist,
          hangedman_abyss_entry_splay, serial_bayou_shore_b, firewood_loft,
          infiniplex_staircase_door_maze
Depths:3: evilmike_hourglass, layout_basic, abyss_entry_crystal,
          grunt_pan_entry_spiral, hell_entry, chequers_big_river,
          nrook_kobold_shadow_demons, minmay_staircase_statues
Depths:4: minmay_slanted_spiral_squares, layout_cave_shapes, serial_shops,
          bzr_entry_islet, nicolae_take_the_stairs, marbit_kobold_abyss_entry,
          hell_entry, nrook_campfire, minmay_shoptagon,
          infiniplex_staircase_spiral_double
Depths:5: grunt_zot_entry_pinwheel, layout_cave_pools, nicolae_water_bricks,
          hell_entry, serial_glass, glass_columns_c, glass_columns_a,
          glass_columns_b, glass_columns_a, glass_columns_b, glass_columns_b,
          glass_columns_b, glass_columns_a, grunt_decor_junction,
          uniq_saint_roka, uniq_boris
Abyss:3:  base: Lair:2, nicolae_abyss_rune_star_stuff

Skill      XL: |  1  2  3  4  5  6  7  8  9 10 11 12 13 14 15 16 17 18 19 20 21 22 23 |
---------------+----------------------------------------------------------------------+-----
Dodging        | 1 2 9 11 12 | 12.1
Fighting       | 2 3 6 8 10 11 12 13 15 16 18 | 18.0
Maces & Flails | 1 2 3 4 5 7 8 10 12 | 12.0
Throwing       | 2 3 5 7 8 9 |  9.0
Evocations     | 5 7 9 10 11 12 14 | 14.0
Invocations    | 2 4 5 7 9 11 | 11.4
Armour         | 2 6 7 8 9 10 11 13 14 15 16 | 16.0
Shields        | 4 9 11 13 14 15 16 19 20 | 20.0
Stealth        | |  0.8

Action                   |  1- 3 |  4- 6 |  7- 9 | 10-12 | 13-15 | 16-18 | 19-21 | 22-24 || total
-------------------------+-------+-------+-------+-------+-------+-------+-------+-------++-------
Melee: Whip              |    21 |       |       |       |       |       |       |       ||    21
       Club              |     4 |       |       |       |       |       |       |       ||     4
       Flail             |    48 |    58 |   188 |   322 |       |       |       |       ||   616
       Kick              |       |     9 |    68 |   165 |       |       |       |       ||   242
       Punch             |       |       |       |     6 |       |       |       |       ||     6
       Eveningstar       |       |       |       |   128 |       |       |       |       ||   128
       Demon whip        |       |       |       |    32 |  2032 |  1939 |  1830 |  1161 ||  6994
       Morningstar       |       |       |       |       |       |       |   497 |       ||   497
Throw: Dart              |       |    18 |    87 |   119 |   104 |    47 |     3 |       ||   378
       Javelin           |       |     2 |       |     6 |    32 |    64 |    56 |    22 ||   182
       Boomerang         |       |       |       |       |     5 |       |       |       ||     5
       Throwing net      |       |       |       |       |       |     4 |       |       ||     4
Invok: Heroism           |       |       |       |    14 |    31 |    25 |    18 |     7 ||    95
       Finesse           |       |       |       |       |     6 |     7 |     7 |     7 ||    27
 Abil: Evoke Invisibilit |       |       |     2 |    15 |    14 |     5 |     3 |       ||    39
Evoke: Wand              |    12 |       |     4 |    22 |    37 |    20 |    24 |     2 ||   121
       Piece from Xom's  |       |       |       |     1 |       |       |       |       ||     1
       Condenser vane    |       |       |       |       |     1 |     6 |     2 |     2 ||    11
       Phial of floods   |       |       |       |       |       |     2 |       |       ||     2
       Box of beasts     |       |       |       |       |       |     1 |       |     1 ||     2
       Phantom mirror    |       |       |       |       |       |       |     1 |     1 ||     2
  Use: Scroll            |     3 |     4 |     2 |    10 |    23 |    12 |    14 |     3 ||    71
       Potion            |       |     4 |       |     1 |     2 |     7 |     4 |     3 ||    21
 Stab: Sleeping          |     1 |       |       |       |       |       |       |       ||     1
       Invisible         |       |       |     7 |    34 |    49 |    43 |    11 |       ||   144
       Paralysed         |       |       |       |    12 |    25 |     3 |       |     3 ||    43
       Distracted        |       |       |       |       |     4 |    10 |       |     1 ||    15
       Held in net/web   |       |       |       |       |       |     1 |       |       ||     1
Armor: Leather armour    |    16 |       |       |       |       |       |       |       ||    16
       Scale mail        |     7 |    25 |   109 |   239 |   203 |       |       |       ||   583
       Ring mail         |     4 |       |       |       |       |       |       |       ||     4
       Chain mail        |       |       |       |       |   308 |       |       |       ||   308
       Plate armour      |       |       |       |       |    83 |   498 |   458 |   153 ||  1192
Dodge: Dodged            |    48 |    32 |   112 |   245 |   378 |   299 |   511 |   198 ||  1823
Block: Buckler           |       |       |       |    23 |    11 |       |       |       ||    34
       Kite shield       |       |       |       |       |   480 |       |       |       ||   480
       Tower shield      |       |       |       |       |   673 |  2049 |  2420 |   962 ||  6104

Table legend: (Time is in decaauts)
 A = Elapsed time spent in this place.
 B = Non-inter-level travel time spent in this place.
 C = Inter-level travel time spent in this place.
 D = Time resting spent in this place.
 E = Time spent auto-exploring this place.
 F = Levels seen in this place.
 G = Mean time per level.
                   A        B        C        D        E       F      G
               +--------+--------+--------+--------+--------+-----+--------+
         Total |  81677 |  77501 |   4176 |  16484 |  47219 |  50 | 1633.5 |
       Dungeon |  24963 |  23425 |   1538 |   4139 |  15991 |  15 | 1664.2 |
        Temple |    260 |    251 |      9 |      0 |    238 |   1 |  260.0 |
          Lair |  15964 |  15313 |    651 |   3753 |   9179 |   6 | 2660.7 |
        Shoals |   5352 |   5132 |    220 |    275 |   3888 |   4 | 1338.0 |
   Spider Nest |   7546 |   6980 |    566 |   1652 |   4007 |   4 | 1886.5 |
  Orcish Mines |   4217 |   3799 |    418 |   1305 |   1459 |   2 | 2108.5 |
   Elven Halls |   5844 |   5705 |    139 |   1574 |   2904 |   3 | 1948.0 |
        Vaults |   4912 |   4653 |    259 |   1176 |   2780 |   3 | 1637.3 |
        Depths |   9895 |   9523 |    372 |   1830 |   5859 |   5 | 1979.0 |
         Abyss |   1685 |   1685 |      0 |    472 |    457 |   4 |  421.2 |
        Bazaar |    341 |    341 |      0 |      0 |    259 |   2 |  170.5 |
      Gauntlet |    693 |    693 |      0 |    308 |    198 |   1 |  693.0 |
               +--------+--------+--------+--------+--------+-----+--------+

Top non-repeatable levels by time:
  Lair:6: 3699 daAuts
     D:9: 3340 daAuts
   Orc:2: 3160 daAuts
   Elf:3: 2854 daAuts
  Lair:4: 2781 daAuts
  Lair:2: 2524 daAuts
Vaults:1: 2472 daAuts
Spider:2: 2466 daAuts
  Lair:1: 2385 daAuts
Spider:1: 2364 daAuts
  Lair:5: 2310 daAuts
Depths:3: 2300 daAuts
    D:10: 2274 daAuts
  Lair:3: 2262 daAuts
Depths:1: 2212 daAuts
